Map: Lost and Found LE

Players

Ryu - Winner!

  • Race: Terran Terran
  • League: Master
  • Spawn Location: 1:00

noodles

  • Race: Protoss Protoss
  • League: Master
  • Spawn Location: 7:00

VOD

Have the link to the VOD?

Description

TvP Ryu Biomine timing

Time

  • Played on: Sept. 20, 2018, 8:47 p.m.
  • Length: 6:41
Show
View Real Time Build Order
Export as new Build Order

Ryu Terran - Winner!

Build Orders: Reaper Expand, MMM Bio 

Get SALT Encoding   

  12  0:00  SCV  
  13  0:12  SCV  
  14  0:17  Supply Depot  
  14  0:25  SCV  
  15  0:29  Refinery  
  15  0:38  SCV  
  16  0:44  Barracks  
  16  0:50  SCV  
  17  1:02  SCV  
  18  1:14  SCV  
  19  1:31  Reaper  
  20  1:36  Orbital Command  
  20  1:45  Command Center  
  20  1:56  Factory  
  20  2:02  SCV  
  20  2:06  Barracks Reactor  
  21  2:10  Refinery  
  21  2:14  SCV  
  22  2:18  Supply Depot  
  22  2:26  SCV  
  23  2:40  SCV  
  23  2:42  Marine x2  
  26  2:44  Starport  
  26  2:50  Widow Mine  
  28  2:53  SCV  
  29  3:06  Marine x2  
  29  3:07  SCV  
  29  3:08  Orbital Command  
  32  3:15  Widow Mine  
  32  3:19  SCV  
  35  3:20  Viking  
  37  3:28  Barracks  
  37  3:31  SCV, Marine  
  37  3:34  Marine  
  39  3:37  SCV  
  41  3:43  SCV  
  41  3:48  Barracks  
  41  3:52  Starport Tech Lab, Factory Tech Lab  
  41  3:55  SCV x2  
  42  3:57  Supply Depot  
  42  4:01  Engineering Bay  
  43  4:07  SCV, Marine x2  
  46  4:19  Factory Reactor  
  46  4:20  Starport Reactor, SCV x2  
  48  4:24  Stimpack  
  48  4:25  Marine x2  
  48  4:27  Terran Infantry Weapons Level 1  
  48  4:30  Supply Depot  
  50  4:37  SCV x2  
  52  4:41  Marauder, Supply Depot  
  54  4:48  Combat Shields  
  54  4:51  Marine x2  
  54  4:52  SCV  
  57  4:55  Missile Turret  
  57  4:56  Missile Turret, SCV  
  57  4:59  Widow Mine  
  60  5:01  Widow Mine  
  60  5:05  Supply Depot  
  62  5:08  SCV, Refinery  
  62  5:12  Marine, Marauder  
  62  5:14  Marine  
  66  5:20  SCV, Supply Depot  
  66  5:21  SCV  
  69  5:32  Marine x2  
  69  5:33  Marauder, SCV x2, Supply Depot  
  75  5:36  Medivac  
  75  5:41  Medivac, Widow Mine  
  81  5:45  Widow Mine  
  81  5:46  Supply Depot  
  81  5:47  SCV  
  81  5:49  SCV  
  85  5:56  Marauder x2  
  89  5:57  Marine x2  
  91  6:04  Refinery  
  91  6:11  Command Center  
  91  6:12  SCV  
  91  6:13  SCV  
  93  6:23  Marine  
Show
View Real Time Build Order
Export as new Build Order

noodles Protoss 

Build Orders: 1 Gate Expand, Oracle Opening 

Get SALT Encoding   

  12  0:00  Probe  
  13  0:12  Probe  
  14  0:18  Pylon  
  14  0:24  Probe  
  15  0:33  Probe  
  15  0:37  Gateway  
  15  0:41  Probe  
  16  0:47  Assimilator  
  17  0:51  Probe  
  18  1:03  Probe  
  19  1:15  Probe  
  20  1:23  Nexus  
  20  1:32  Cybernetics Core  
  20  1:35  Probe  
  21  1:42  Assimilator  
  22  1:47  Probe  
  22  1:51  Pylon  
  22  1:59  Probe  
  22  2:01  Adept  
  23  2:08  Probe  
  26  2:21  Probe, Stargate  
  27  2:40  Probe  
  27  2:41  Probe  
  27  2:44  Adept  
  29  2:45  Warp Gate  
  29  2:48  Probe  
  29  2:53  Probe  
  29  2:56  Oracle  
  29  2:57  Probe  
  34  3:15  Probe  
  34  3:16  Probe  
  34  3:18  Adept  
  38  3:27  Gateway  
  38  3:28  Probe x2, Gateway  
  38  3:31  Oracle  
  40  3:40  Probe  
  44  3:42  Pylon  
  44  3:50  Probe  
  44  3:52  Probe  
  46  3:58  Pylon  
  46  4:03  Probe, Oracle  
  46  4:04  Probe  
  51  4:15  Probe  
  49  4:19  Probe, Nexus  
  50  4:28  Twilight Council  
  50  4:32  Probe x2  
  50  4:36  Assimilator  
  50  4:38  Assimilator  
  52  4:48  Probe  
  52  4:49  Probe, Adept x3  
  60  4:56  Probe  
  60  4:57  Probe  
  60  4:58  Pylon  
  62  5:10  Forge  
  62  5:13  Pylon  
  62  5:16  Probe x2  
  61  5:27  Probe, Adept x3  
  64  5:29  Probe x2  
  64  5:35  Probe  
  67  5:37  Probe  
  67  5:41  Probe  
  70  5:43  Probe  
  70  5:44  Pylon  
  71  5:50  Adept x3  
  71  5:52  Probe  
  71  5:53  Probe  
  79  5:57  Gateway  
  79  5:58  Gateway  
  79  6:07  Gateway  
  79  6:09  Gateway  
  79  6:14  Gateway  
  79  6:17  Adept x3  
  85  6:22  Pylon  
Tags
 
Add a new tag
Caveats
  • Supply blocks, unpowered buildings, or Contaminate may cause inaccurate times.
  • Supply counts are checked every 10 seconds.